 Dungeon Crawl Stone Soup version 0.22-a0-51-g1bb26a1 (webtiles) character file.

53 Delita the Magician (level 3, 19/19 HPs)
             Began as a Deep Elf Ice Elementalist on Jan 9, 2018.
             Quit the game on level 2 of the Dungeon.
             The game lasted 00:15:04 (2493 turns).

Delita the Magician (Deep Elf Ice Elementalist)     Turns: 2493, Time: 00:15:05

Health: 19/19      AC:  2    Str:  5    XL:     3   Next: 64%
Magic:  11/11      EV: 13    Int: 20    God:
Gold:   55         SH:  0    Dex: 15    Spells: 8/11 levels left

rFire    . . .     SeeInvis .   g - +0 dagger
rCold    . . .     Gourm    .   (no shield)
rNeg     + . .     Faith    .   a - +0 robe
rPois    .         Spirit   .   (no helmet)
rElec    .         Reflect  .   (no cloak)
rCorr    .         Harm     .   (no gloves)
MR       .....                  (no boots)
Stlth    ++........             (no amulet)
HPRegen  0.06/turn              e - ring of positive energy
MPRegen  0.12/turn              (no ring)

@: no status effects
A: no striking features
a: no special abilities


You were on level 2 of the Dungeon.
You were not hungry.

You visited 1 branch of the dungeon, and saw 2 of its levels.

You collected 55 gold pieces.

Inventory:

Hand Weapons
 g - a +0 dagger (weapon)
Missiles
 h - 101 stones (quivered)
Armour
 a - a +0 robe (worn)
Jewellery
 e - a ring of positive energy (left hand)
Scrolls
 d - 2 scrolls of identify
 i - 2 scrolls of blinking {unknown}
Potions
 f - 3 potions of invisibility
 j - a potion of flight {unknown}
 k - a potion of curing {unknown}
Books
 b - a book of Frost

   Spells                             Type                      Level
   a - Freeze                         Ice                          1
   b - Throw Frost                    Conjuration/Ice              2
   c - Ozocubu's Armour               Charms/Ice                   3
   d - Throw Icicle                   Conjuration/Ice              4
   e - Summon Ice Beast               Ice/Summoning                4
Comestibles
 c - a ration


   Skills:
 + Level 2.8 Dodging
 + Level 2.6 Stealth
 + Level 4.5 Spellcasting
 + Level 1.1 Conjurations
 + Level 4.0 Ice Magic


You had 8 spell levels left.
You knew the following spells:

 Your Spells              Type           Power        Failure   Level  Hunger
a - Freeze                Ice            ###.         2%          1    None
b - Throw Frost           Conj/Ice       ##....       6%          2    #......


Dungeon Overview and Level Annotations

Branches:
Dungeon (2/15)

Altars:


Message History

Casting: Freeze
Confirm with . or Enter, or press ? or * to list all spells.
Aiming: Freeze
Press: ? - help, Shift-Dir - straight line, f/p - worm
Aim: a worm (heavily wounded)
You freeze the worm.
The worm is almost dead.
The worm closely misses you.
Casting: Freeze
Confirm with . or Enter, or press ? or * to list all spells.
Aiming: Freeze
Press: ? - help, Shift-Dir - straight line, f/p - worm
Aim: a worm (almost dead)
You freeze the worm.
You kill the worm!
You start resting.
Magic restored.
You start resting.
HP restored.
Are you sure you want to abandon this character and quit the game? (Confirm with "yes".)

###### #.#..############
..#.............#
###########.#.)##########..
#..†........#........<#####
#.########..#..............
#..............)......#....
#...(....<.................
#.........@........###.....
#w#........................
#........÷..#.####.####....
#.......(..................
........(............##.....
#.......(....................
.......................#...#.
....................#...#.
........####..#.#####...#.


There were no monsters in sight!

Vanquished Creatures
  A hound skeleton (D:2)
  A worm (D:2)
  A dart slug (D:2)
  A leopard gecko (D:2)
  2 ball pythons
  2 bats (D:1)
  A giant cockroach (D:1)
  A goblin (D:1)
  4 hobgoblins
  7 jackals
  A kobold (D:1)
  12 rats
34 creatures vanquished.

Notes
Turn   | Place    | Note
-------+----------+-------------------------------------------
     0 | D:1      | Delita the Deep Elf Ice Elementalist began the quest for the Orb.
     0 | D:1      | Reached XP level 1. HP: 10/10 MP: 6/6
   396 | D:1      | Reached XP level 2. HP: 15/15 MP: 6/8
  1527 | D:2      | Reached XP level 3. HP: 11/19 MP: 5/10
  1712 | D:2      | Learned a level 2 spell: Throw Frost
  2493 | D:2      | Quit the game

Vault maps used:
D:1:      dpeg_arrival_rhombi, minmay_rat_gold_closets

Skill      XL: |  1  2  3 |
---------------+----------+-----
Ice Magic      | 4 |  4.0
Spellcasting   | 4 |  4.5
Dodging        | |  2.8
Stealth        | |  2.6
Conjurations   | |  1.1

Action                   || total
-------------------------++-------
Melee: Dagger            ||    13
Throw: Stone             ||     7
 Cast: Freeze            ||    51
       Throw Frost       ||     5
  Use: Scroll            ||     1
  Eat: Ration            ||     2
Armor: Robe              ||     9
Dodge: Dodged            ||    36

Table legend:
 A = Spawn XP
 B = Non-spawn XP
 C = Spawn XP percentage of total XP
 D = Spawn monster count
 E = Non-spawn monster count
 F = Spawn count percentage of total count
 G = Total turns spent on level
                    A         B        C        D         E        F      G
               +---------+---------+-------+---------+---------+-------+---------
         Total |       0 |      77 |   0.0 |       0 |      34 |   0.0 |  2493
               +---------+---------+-------+---------+---------+-------+---------
           D:1 |       0 |      28 |   0.0 |       0 |      20 |   0.0 |  1348
           D:2 |       0 |      49 |   0.0 |       0 |      14 |   0.0 |  1145
               +---------+---------+-------+---------+---------+-------+---------
